 Dungeon Crawl Stone Soup version 0.29.1-15-g9cfb28693d (webtiles) character file.

Game seed: 3481187408321044264

4118 Carnifexus the Protected (level 10, -8/74 HPs)
             Began as a Demonspawn Wanderer on Mar 23, 2023.
             Was a Believer of Qazlal.
             Mangled by an eight-headed hydra (10 damage)
             ... on level 8 of the Dungeon.
             The game lasted 00:20:49 (8321 turns).

Carnifexus the Protected (Demonspawn Wanderer)      Turns: 8321, Time: 00:20:49

Health: -8/74      AC: 18    Str: 13    XL:     10   Next: 6%
Magic:  10/10      EV:  5    Int: 21    God:    Qazlal [**....]
Gold:   84         SH:  7    Dex: 15    Spells: 9/9 levels left

rFire   + . .      SeeInvis .   h - +4 quarterstaff (chaos)
rCold   . . .      Faith    +   (shield currently unavailable)
rNeg    . . .      Spirit   .   F - +0 plate armour {rF+}
rPois   .          Reflect  .   (helmet restricted)
rElec   .          Harm     .   s - +0 cloak
rCorr   .          Rampage  .   r - +0 pair of gloves
Will    .....                   g - +0 pair of boots
Stlth   ..........              P - amulet of faith
HPRegen 0.22/turn               y - ring of flight
MPRegen 0.24/turn               t - +6 ring of intelligence

@: flying
A: antennae 1, large bone plates 1, spiny 2, magic regeneration
a: Renounce Religion, Upheaval


You were on level 8 of the Dungeon.
You worshipped Qazlal.
Qazlal was pleased with you.
You visited 1 branch of the dungeon, and saw 8 of its levels.

You collected 524 gold pieces.
You spent 440 gold pieces at shops.

Inventory:

Hand Weapons
 a - a +0 spear
 d - a +0 dagger
 h - a +4 quarterstaff of chaos (weapon)
 x - a +2 dagger of distortion
 z - a +0 dire flail of protection
 J - a +3 whip
Missiles
 c - 29 poisoned darts (quivered)
 i - a throwing net
 j - 5 curare-tipped darts
Armour
 b - a +2 scale mail
 g - a +0 pair of boots (worn)
 o - a +2 kite shield
 r - a +0 pair of gloves (worn)
 s - a +0 cloak (worn)
 u - a +0 chain mail
 E - a +0 plate armour
 F - a +0 plate armour of fire resistance (worn)
Jewellery
 t - a +6 ring of intelligence (right hand)
 y - a ring of flight (left hand)
 O - a ring of ice
 P - an amulet of faith (around neck)
Wands
 w - a wand of polymorph (9)
 H - a wand of acid (21)
Scrolls
 e - 9 scrolls of teleportation
 f - 2 scrolls of noise
 l - a scroll of vulnerability
 m - a scroll of enchant weapon
 n - a scroll of immolation
 p - a scroll of blinking
 I - 4 scrolls of butterflies
 K - a scroll of fear
 M - a scroll of acquirement {unknown}
Potions
 k - 2 potions of lignification
 q - 2 potions of curing
 v - a potion of cancellation
 A - a potion of flight {unknown}
 B - a potion of mutation {unknown}
 C - 3 potions of ambrosia {unknown}
 D - a potion of degeneration {unknown}
 G - 2 potions of attraction
 L - 3 potions of resistance {unknown}


   Skills:
 + Level 5.5 Fighting
 + Level 3.6(6.4) Polearms
 + Level 8.2(8.6) Staves
 + Level 1.7 Throwing
 + Level 8.5 Armour
 + Level 2.0 Dodging
 + Level 2.2 Stealth
 + Level 3.1 Shields
 + Level 0.8 Unarmed Combat


You had 9 spell levels left.
You didn't know any spells.
Your spell library contained the following spells:

 Spells                   Type           Power      Damage    Failure   Level
 Foxfire                  Conj/Fire      0%         2x1d4     100%        1
 Sting                    Tmut/Pois      0%         1d3       100%        1
 Ensorcelled Hibernation  Hex/Ice        0%         N/A       100%        2
 Passwall                 Tmut/Erth      0%         N/A       100%        2
 Poisonous Vapours        Pois/Air       0%         N/A       100%        2
 Call Canine Familiar     Summ           0%         N/A       100%        3
 Conjure Flame            Conj/Fire      0%         6-21      100%        3
 Inner Flame              Hex/Fire       0%         N/A       100%        3
 Ozocubu's Armour         Ice            0%         N/A       100%        3
 Portal Projectile        Hex/Tloc       0%         N/A       100%        3
 Spider Form              Tmut/Pois      0%         N/A       100%        3
 Swiftness                Air            0%         N/A       100%        3
 Anguish                  Hex/Necr       0%         N/A       100%        4
 Animate Dead             Necr           0%         N/A       100%        4
 Corpse Rot               Necr/Pois/Air  0%         N/A       100%        4
 Dispel Undead            Necr           0%         3d6       100%        4
 Flame Wave               Conj/Fire      0%         2d4       100%        4
 Leda's Liquefaction      Hex/Erth       0%         N/A       100%        4
 Olgreb's Toxic Radiance  Pois           0%         N/A       100%        4
 Borgnjor's Vile Clutch   Necr/Erth      0%         N/A       100%        5
 Metabolic Englaciation   Hex/Ice        0%         N/A       100%        5
 Death Channel            Necr           0%         N/A       100%        6
 Simulacrum               Ice/Necr       0%         N/A       100%        6


Dungeon Overview and Level Annotations

Branches:
Dungeon (8/15)             Temple (0/1) D:5
   Lair: D:8-11

Altars:
Ashenzari
Hepliaklqana
Nemelex Xobeh
Qazlal
Wu Jian

Shops:
D:7 =

Annotations:
D:4 Eustachio


Innate Abilities, Weirdness & Mutations

You have a pair of small antennae on your head.
You are partially covered in large bone plates. (SH +4)
You are mostly covered in sharp spines.
You regenerate magic rapidly.


Message History

The eight-headed hydra completely misses you.
The eight-headed hydra bites you but does no damage.
The eight-headed hydra bites you!
You hit the eight-headed hydra.
The eight-headed hydra is moderately wounded.
The eight-headed hydra is struck by your spines.
The eight-headed hydra bites you.
The eight-headed hydra bites you but does no damage.
The eight-headed hydra barely misses you.
The eight-headed hydra bites you but does no damage.
You block the eight-headed hydra's attack.
The eight-headed hydra bites you but does no damage.
The eight-headed hydra bites you.
You block the eight-headed hydra's attack.
You sock the eight-headed hydra!
The eight-headed hydra is heavily wounded.
A killer bee comes into view.
The eight-headed hydra is struck by your spines.
The eight-headed hydra bites you but does no damage.
You block the eight-headed hydra's attack. x2
The eight-headed hydra bites you! x2
* * * LOW HITPOINT WARNING * * *
The eight-headed hydra bites you.
* * * LOW HITPOINT WARNING * * *
The eight-headed hydra bites you but does no damage. x2
The killer bee buzzes angrily.
You thump the eight-headed hydra!
The eight-headed hydra is almost dead.
You hear an angry buzzing noise.
The eight-headed hydra bites you but does no damage.
The eight-headed hydra bites you.
* * * LOW HITPOINT WARNING * * *
The eight-headed hydra bites you.
* * * LOW HITPOINT WARNING * * *
You block the eight-headed hydra's attack.
The eight-headed hydra bites you but does no damage.
You block the eight-headed hydra's attack.
The eight-headed hydra bites you but does no damage.
The eight-headed hydra bites you!
You die...

...######
........#
........#
#.y.....#
#.......#
#..$....#
#.....°D#######
#.##...@.....(.
...............
.###....#######
#....# #.#
#....# #.#
#....# #.#
#....# #.#
#....# #.#
#########.##
#.#


You could see an eight-headed hydra and a killer bee.

Vanquished Creatures
  The ghost of Seidenschwarz the Covered, a novice MiFi (D:4)
  4 vampire mosquitoes (D:6)
  2 water moccasins (D:7)
  3 orc warriors
  An ice beast (D:7)
  3 black bears
  3 sky beasts
  3 ogres
  3 centaurs
  A bullfrog (D:7)
  2 kobold brigands
  Blork the orc (D:4)
  8 scorpions
  A necrophage (D:5)
  2 howler monkeys
  2 jellies (D:6)
  4 hounds
  2 orc priests (D:6)
  A gnoll bouda (D:7)
  Crazy Yiuf (D:3)
  Ijyb (D:4)
  4 iguanas
  4 orc wizards
  Terence (D:3)
  6 gnolls (D:7)
  4 adders
  2 shadow imps
  3 ufetubi
  2 worms
  4 dart slugs
  11 orcs
  5 endoplasms
  6 giant cockroaches
  11 goblins
  7 hobgoblins
  5 quokkas
  8 ball pythons
  3 bats
  2 frilled lizards
  14 kobolds
  5 rats
  2 butterflies (D:5)
158 creatures vanquished.

Vanquished Creatures (others)
  8 fungi (D:7)
  3 toadstools (D:7)
11 creatures vanquished.

Grand Total: 169 creatures vanquished

Notes
Turn   | Place    | Note
-------+----------+-------------------------------------------
     0 | D:1      | Carnifexus the Demonspawn Wanderer began the quest for the
                  | Orb.
     0 | D:1      | Carnifexus set off with the following items: a +0 spear, a
                  | +2 scale mail, 13 poisoned darts, a +0 dagger, a scroll of
                  | teleportation.
     0 | D:1      | Reached XP level 1. HP: 15/15 MP: 1/1
   395 | D:1      | Gained mutation: You regenerate magic rapidly. [demonic
                  | ancestry]
   395 | D:1      | Reached XP level 2. HP: 21/21 MP: 2/2
   926 | D:1      | Reached skill level 5 in Armour
  1510 | D:1      | Gained mutation: You are partially covered in sharp spines.
                  | [demonic ancestry]
  1510 | D:1      | Reached XP level 3. HP: 26/26 MP: 3/3
  2600 | D:3      | Found a runed translucent door.
  2601 | D:3      | Noticed Crazy Yiuf
  2608 | D:3      | Killed Crazy Yiuf
  2609 | D:3      | Reached XP level 4. HP: 32/32 MP: 4/4
  2754 | D:3      | Reached skill level 1 in Dodging
  2790 | D:3      | Noticed Terence
  2799 | D:3      | Killed Terence
  3076 | D:3      | Found a sparkling altar of Nemelex Xobeh.
  3308 | D:4      | Gained mutation: You are mostly covered in sharp spines.
                  | [demonic ancestry]
  3308 | D:4      | Reached XP level 5. HP: 35/37 MP: 5/5
  3510 | D:4      | Reached skill level 1 in Staves
  3559 | D:4      | Noticed Ijyb
  3577 | D:4      | Killed Ijyb
  3607 | D:4      | Found a broken altar of Ashenzari.
  3607 | D:4      | Noticed an ogre
  3613 | D:4      | Killed an ogre
  3614 | D:4      | Reached XP level 6. HP: 37/44 MP: 6/6
  3668 | D:4      | Found a stormy altar of Qazlal.
  3718 | D:4      | Became a worshipper of Qazlal Stormbringer
  3928 | D:4      | Found a large runed translucent door.
  3929 | D:4      | Found a large runed translucent door.
  3929 | D:4      | Noticed Seidenschwarz's ghost (novice MiFi)
  3945 | D:4      | HP: 2/44 [Seidenschwarz's ghost (10)]
  3949 | D:4      | Killed Seidenschwarz's ghost
  3950 | D:4      | Reached skill level 1 in Stealth
  3950 | D:4      | Gained mutation: You are partially covered in large bone
                  | plates. (SH +4) [demonic ancestry]
  3950 | D:4      | Reached XP level 7. HP: 1/51 MP: 7/7
  4386 | D:4      | Noticed Blork the orc
  4394 | D:4      | Killed Blork the orc
  4395 | D:4      | Found a hazy altar of Hepliaklqana.
  4531 | D:5      | Entered Level 5 of the Dungeon
  4531 | D:5      | Noticed Eustachio
  4742 | D:5      | Found a staircase to the Ecumenical Temple.
  4840 | D:5      | Found a runed translucent door.
  4844 | D:5      | Found a runed translucent door.
  4871 | D:5      | Gained mutation: You have a pair of small antennae on your
                  | head. [demonic ancestry]
  4871 | D:5      | Reached XP level 8. HP: 39/58 MP: 8/8
  4875 | D:5      | Reached skill level 5 in Staves
  4905 | D:5      | Reached skill level 1 in Shields
  5328 | D:5      | Found an ornate altar of the Wu Jian Council.
  5629 | D:6      | Reached * piety under Qazlal
  5672 | D:6      | Reached XP level 9. HP: 45/65 MP: 9/9
  6647 | D:6      | Noticed a cyclops
  6647 | D:6      | Noticed a cyclops
  6841 | D:7      | Reached ** piety under Qazlal
  7230 | D:7      | Reached skill level 5 in Fighting
  7670 | D:7      | Reached XP level 10. HP: 69/74 MP: 10/10
  7696 | D:7      | Found Kaotrel's Jewellery Shop.
  7699 | D:7      | Bought an amulet of faith for 440 gold pieces
  8313 | D:8      | Noticed an eight-headed hydra
  8321 | D:8      | HP: 2/74 [eight-headed hydra (6)]
  8321 | D:8      | Mangled by an eight-headed hydra

Illustrated notes

Levels and vault maps discovered:
D:1:      lightli_arrival_windingriver, layout_loops_ring,
          dreamdust_wishing_well
D:2:      layout_loops_ring
D:3:      layout_loops_ring, nemelex_diamond_rough_becter, uniq_terence,
          uniq_crazy_yiuf_cottage
D:4:      layout_loops_ring, nicolae_hepliaklqana_hippocampus,
          mainiacjoe_overflow_big_doors, ebering_ghost_disaster_area, uniq_ijyb,
          uniq_blork_the_orc
D:5:      lemuel_insect_pit, layout_gridville,
          nicolae_wu_jian_immortal_techniques, minmay_temple_entry_overgrown,
          uniq_eustachio
D:6:      layout_layer_cave, zin_scriptorium, minmay_misc_feat_roman,
          lightli_corner_chamber
D:7:      layout_loops_ring, serial_shops, kennysheep_mini_moat,
          minmay_gold_behind_fungi, minmay_fractal_squares_5
D:8:      layout_basic, nicolae_uskayaw_suspiria, lair_entry_dummy, special_room
          [special_room_orc]

Skill      XL: |  1  2  3  4  5  6  7  8  9 |
---------------+----------------------------+-----
Polearms       | 2 3 |  3.6
Armour         | 5 6 7 8 |  8.5
Dodging        | 1 2 |  2.0
Staves         | 2 3 4 6 8 |  8.2
Fighting       | 2 3 4 5 |  5.5
Stealth        | 1 2 |  2.2
Shields        | 2 3 |  3.1
Throwing       | |  1.7
Unarmed Combat | |  0.8

Action                   |  1- 3 |  4- 6 |  7- 9 | 10-12 || total
-------------------------+-------+-------+-------+-------++-------
Melee: Spear             |   163 |       |       |       ||   163
       Quarterstaff      |       |    65 |   189 |    12 ||   266
       Unarmed           |       |     6 |       |       ||     6
Throw: Dart              |     1 |       |       |       ||     1
  Use: Potion            |     1 |     1 |     2 |     1 ||     5
       Scroll            |       |       |    11 |       ||    11
 Stab: Paralysed         |       |     1 |     2 |       ||     3
       Confused          |       |       |     1 |       ||     1
Armor: Scale mail        |    97 |     5 |       |       ||   102
       Chain mail        |       |    34 |    70 |       ||   104
       Plate armour      |       |       |    93 |    18 ||   111
Dodge: Dodged            |    49 |    11 |    47 |     6 ||   113
Block: Kite shield       |     7 |       |       |       ||     7
       Other             |       |       |    62 |    10 ||    72
